 Dungeon Crawl Stone Soup version 0.30-b1-2-g02819fbbbe (webtiles) character file.

Game seed: 6977389141703333192

111451 funkygono the Severer (level 16, -23/223 HPs)
             Began as a Minotaur Fighter on May 23, 2023.
             Was a High Priest of Okawaru.
             Annihilated by an iron troll (25 damage)
             ... on level 14 of the Dungeon on May 24, 2023.
             The game lasted 00:51:58 (22960 turns).

funkygono the Severer (Minotaur Fighter)           Turns: 22960, Time: 00:51:58

Health: -23/223    AC: 34    Str: 36    XL:     16   Next: 9%
Magic:  18/18      EV:  8    Int:  5    God:    Okawaru [*****.]
Gold:   904        SH: 12    Dex:  7    Spells: 15/15 levels left

rFire   + . .        o - +8 hand axe of Due Proportion {elec, Drain +Blink rN+ SInv}
rCold   + + .        c - +0 buckler
rNeg    + . .        g - +1 gold dragon scales
rPois   +            B - +2 hat
rElec   +            e - +1 cloak
rCorr   .            h - +1 pair of gloves
SInv    +            i - +2 pair of boots {rampage}
Will    +++..        w - amulet of reflection Stlth
                     f - +6 ring of strength
HPRegen 0.57/turn    E - ring of Satisfaction {rElec rC+ Will++ Dex-2 Stlth+}
MPRegen 0.16/turn

%: reflection, rampage
@: berserking, silenced, very quick
A: horns 2, retaliatory headbutt
a: Renounce Religion, Evoke Blink


You were on level 14 of the Dungeon.
You worshipped Okawaru.
Okawaru was extremely pleased with you.
You visited 4 branches of the dungeon, and saw 23 of its levels.
You also visited: Ossuary.

You collected 2511 gold pieces.
You spent 1607 gold pieces at shops.

Inventory:

Hand Weapons
 a - a +3 war axe of flaming
 o - the +8 hand axe of Due Proportion (weapon) {elec, Drain +Blink rN+ SInv}
   (You found it on level 3 of the Dungeon)

   rN:        It protects you from negative energy.
   SInv:      It lets you see invisible.
   +Blink:    It lets you blink.
   Drain:     It drains your maximum health when unequipped.
Missiles
 b - 14 atropa-tipped darts
 x - 10 javelins (quivered)
 F - 3 throwing nets
 L - a boomerang of dispersal
 T - 3 datura-tipped darts
Armour
 c - a +0 buckler (worn)
 d - the +2 plate armour of Dust Devil {rElec Int-4 Dex+2}
   (Okawaru gifted it to you on level 2 of the Orcish Mines)

   Int:       It affects your intelligence (-4).
   Dex:       It affects your dexterity (+2).
   rElec:     It insulates you from electricity.
 e - a +1 cloak (worn)
 g - +1 gold dragon scales (worn)
 h - a +1 pair of gloves (worn)
 i - a +2 pair of boots of rampaging (worn)
 p - a +0 plate armour
 B - a +2 hat (worn)
 P - a +10 plate armour of ponderousness
Jewellery
 f - a +6 ring of strength (left hand)
 u - a ring of positive energy
 w - an amulet of reflection (around neck)
 z - an amulet of the acrobat
 E - the ring of Satisfaction (right hand) {rElec rC+ Will++ Dex-2 Stlth+}
   (You bought it in a shop on level 11 of the Dungeon)

   [ring of protection from cold]

   Dex:       It affects your dexterity (-2).
   rC:        It protects you from cold.
   rElec:     It insulates you from electricity.
   Will:      It greatly increases your willpower.
   Stlth:     It makes you more stealthy.
 H - a +6 ring of dexterity
 K - a ring of resist corrosion
Wands
 s - a wand of roots (5)
 y - a wand of quicksilver (8)
 M - a wand of paralysis (15)
 N - a wand of flame (18)
 O - a wand of digging (11)
 R - a wand of polymorph (5)
Scrolls
 D - 3 scrolls of fog
 G - 5 scrolls of teleportation
 I - 7 scrolls of identify
 J - 2 scrolls of fear
 Q - 2 scrolls of magic mapping
 S - a scroll of poison
 U - a scroll of blinking
 V - a scroll of silence
Potions
 j - 15 potions of curing
 k - 2 potions of mutation
 l - 2 potions of heal wounds
 m - 7 potions of haste
 n - 2 potions of cancellation
 q - 8 potions of ambrosia
 r - 3 potions of resistance
 t - 6 potions of flight
 v - 2 potions of invisibility
 A - 3 potions of berserk rage
 C - 4 potions of might


   Skills:
 + Level 15.4 Fighting
 + Level 17.7 Axes
 + Level 8.8 Throwing
 + Level 17.6 Armour
 + Level 2.6 Dodging
 + Level 3.0 Stealth
 + Level 15.6 Shields
 + Level 4.7 Invocations


You had 15 spell levels left.
You didn't know any spells.
Your spell library contained the following spells:

 Spells                   Type           Power      Damage    Failure   Level
 Apportation              Tloc           0%         N/A       99%         1
 Foxfire                  Conj/Fire      0%         2x1d4     99%         1
 Magic Dart               Conj           0%         1d3       99%         1
 Necrotise                Necr           0%         1d4       99%         1
 Ensorcelled Hibernation  Hex/Ice        0%         N/A       100%        2
 Lesser Beckoning         Tloc           0%         N/A       100%        2
 Passwall                 Tmut/Erth      0%         N/A       100%        2
 Poisonous Vapours        Pois/Air       0%         N/A       100%        2
 Gell's Gravitas          Tloc           0%         N/A       100%        3
 Hailstorm                Conj/Ice       0%         3d3       100%        3
 Mephitic Cloud           Conj/Pois/Air  0%         N/A       100%        3
 Spider Form              Tmut/Pois      0%         N/A       100%        3
 Swiftness                Air            0%         N/A       100%        3
 Teleport Other           Tloc           0%         N/A       100%        3
 Vhi's Electric Charge    Tloc/Air       0%         N/A       100%        3
 Anguish                  Hex/Necr       0%         N/A       100%        4
 Ice Form                 Ice/Tmut       0%         N/A       100%        4
 Alistair's Intoxication  Tmut/Pois      0%         N/A       100%        5
 Arcjolt                  Conj/Air       0%         1d10      100%        5
 Fireball                 Conj/Fire      0%         3d3       100%        5
 Freezing Cloud           Conj/Ice/Air   0%         6-21      100%        5
 Dispersal                Tloc           0%         N/A       100%        6
 Plasma Beam              Fire/Air       0%         2x1d11    100%        6
 Starburst                Conj/Fire      0%         6d3       100%        6
 Orb of Destruction       Conj           0%         9d5       100%        7
 Maxwell's Capacitive Co  Air            0%         ∞         100%        8
 Summon Small Mammal      Summ           Unusable   N/A       N/A         1
 Call Imp                 Summ           Unusable   N/A       N/A         2
 Call Canine Familiar     Summ           Unusable   N/A       N/A         3
 Summon Guardian Golem    Hex/Summ       Unusable   N/A       N/A         3
 Simulacrum               Ice/Necr       Unusable   N/A       N/A         6
 Malign Gateway           Summ/Tloc      Unusable   N/A       N/A         7
 Monstrous Menagerie      Summ           Unusable   N/A       N/A         7

Dungeon Overview and Level Annotations

Branches:
Dungeon (15/15)            Temple (1/1) D:4            Lair (5/5) D:8
 Shoals (0/4) Lair:3        Snake (0/4) Lair:2        Slime (0/5) Lair:4
    Orc (2/2) D:9             Elf (0/3) Orc:2        Vaults (0/5) D:14
 Depths (0/4) D:15        Ossuary (visited)

Altars:
Ashenzari
Cheibriados
Dithmenos
Elyvilon
Fedhas
Gozag
Hepliaklqana
Kikubaaqudgha
Makhleb
Nemelex Xobeh
Okawaru
Qazlal
Ru
Sif Muna
Trog
Uskayaw
Vehumet
Wu Jian
Xom
Yredelemnul
Zin
The Shining One

Shops:
D:4 [   D:11 !=**   D:13 :   D:14 :   Orc:1 =   Orc:2 *((:?

Annotations:
D:11 2 runed translucent doors
D:14 1 transporter, 1 runed translucent door
Lair:4 2 transporters


Innate Abilities, Weirdness & Mutations

You have a pair of horns on your head.
You reflexively headbutt those who attack you in melee.


Message History

You hit the troll. The troll bites you!
* * * LOW HITPOINT WARNING * * *
You block the troll's attack. The troll claws you!
* * * LOW HITPOINT WARNING * * *
You barely miss the iron troll.
The iron troll is lightly wounded.
You closely miss the troll. The iron troll closely misses you.
The iron troll claws you but does no damage.
You block the iron troll's attack.
Unknown command.
You hit the iron troll but do no damage.
The iron troll is lightly wounded.
You barely miss the troll. The troll bites you.
* * * LOW HITPOINT WARNING * * *
You block the troll's attack. The troll claws you!
* * * LOW HITPOINT WARNING * * *
Unknown command.
You hit the iron troll.
The iron troll is lightly wounded.
You closely miss the troll. The iron troll closely misses you.
You block the iron troll's attack.
The iron troll claws you but does no damage.
The troll bites you but does no damage. The troll claws you but does no damage.
You block the troll's attack.
You are too berserk!
Unknown command.
You hit the iron troll but do no damage.
You headbutt the iron troll!
The iron troll is moderately wounded.
You slice the troll!!
Unknown command.
You hit the iron troll. Your headbutt misses the iron troll.
The iron troll is moderately wounded.
You completely miss the troll. You block the troll's attack.
The troll barely misses you. The troll claws you but does no damage.
The iron troll bites you.
* * * LOW HITPOINT WARNING * * *
The iron troll claws you but does no damage.
The iron troll claws you!!
You die... ...#...##.........## #.#.#.... .################## #.#.#.... .# #...#.... ## # ### ### #######.# # Tpppy#§#

####.# # ########## #..... #
.........## #.##.# # ###
.......TT.## #.##)# # #y#
..⌠..###@..#########....# #######
....$#y#...#y#....#####.#
##....##...$$####''###....# #.#
......##..($)###...##.....### #.#
#....©##..[:_+W#..©##©......###.#
##....##.."([###...##.....#.....#
##....##...$$ ###++###....#.....#
####### ....$ #y#....#...... #
#y# .⌠.. ########.....#


You could see an iron troll (berserk), 3 moths of wrath, a deep troll earth
mage, 2 necromancers, a wizard and a troll (berserk).

Vanquished Creatures
  Rupert (Lair:5)
  A tengu reaver (D:15)
  A frost giant (D:15)
  A yaktaur captain (D:14)
  Snorg (Orc:2)
  6 hydras
  A death knight (D:11)
  2 ogre magi (Orc:2)
  6 boulder beetles
  5 centaur warriors
  3 tengu warriors
  13 two-headed ogres
  7 hell knights (D:12)
  Amaemon (D:9)
  2 skysharks (Lair:5)
  3 deep trolls
  An orc knight (Orc:2)
  A wolf spider (D:15)
  3 deep elf pyromancers
  13 ugly things
  An orc sorcerer (Orc:2)
  A shining eye (shapeshifter) (D:14)
  An oklob plant (D:9)
  9 manticores
  9 cyclopes
  A spectral centaur (D:11)
  22 elephants
  An orange demon (D:9)
  6 black mambas
  2 gargoyles
  Maggie (D:6)
  2 yaktaurs (D:14)
  6 torpor snails (Lair:5)
  22 cane toads
  Psyche (D:9)
  2 kobold demonologists
  4 rime drakes
  2 unseen horrors
  3 centaur skeletons (D:11)
  16 komodo dragons
  13 trolls
  4 meliai
  3 tyrant leeches (Lair:5)
  2 hornets
  A polar bear (shapeshifter) (D:13)
  A polar bear (Lair:3)
  A queen bee (D:12)
  31 blink frogs
  2 dream sheep (Lair:5)
  A dream sheep (shapeshifter) (D:15)
  Sigmund (D:2)
  16 slime creatures
  6 wyverns
  A wraith (D:13)
  2 vampires
  3 shadows (D:11)
  2 basilisks
  42 yaks
  3 steam dragons
  7 vampire mosquitoes
  6 wargs
  4 nagas (Lair:2)
  10 water moccasins
  7 hell hounds (D:12)
  7 orc warriors
  An ice beast (D:6)
  3 black bears
  A sky beast (D:8)
  22 ogres
  15 wolves
  7 centaurs
  2 phantoms
  2 kobold brigands
  A gnoll sergeant (D:6)
  19 bullfrogs
  A scorpion (D:4)
  9 wights
  36 killer bees
  5 electric eels
  8 howler monkeys
  7 centaur zombies
  2 jellies
  A human zombie (Ossuary)
  4 hounds
  6 orc priests
  A gnoll bouda (D:8)
  A sleepcap (D:6)
  8 iguanas
  Terence (D:2)
  19 orc wizards
  A hound zombie (Ossuary)
  3 mummies (Ossuary)
  8 gnolls
  9 adders
  A shadow imp (D:5)
  3 white imps
  An adder zombie (Ossuary)
  3 worms
  3 dart slugs (D:2)
  39 orcs
  5 bats
  7 endoplasms
  3 giant cockroaches
  5 goblins
  A hobgoblin (D:4)
  12 kobolds
  4 quokkas
  6 ball pythons
  5 frilled lizards
  3 gnoll zombies (Ossuary)
  A goblin zombie (Ossuary)
  4 hobgoblin zombies (Ossuary)
  4 jackal zombies (Ossuary)
  5 kobold zombies (Ossuary)
  An orc zombie (Ossuary)
  3 quokka zombies (Ossuary)
  5 rats
  3 rat zombies (Ossuary)
  A bush (D:9)
691 creatures vanquished.

Vanquished Creatures (others)
  87 fungi
  193 plants
280 creatures vanquished.

Grand Total: 971 creatures vanquished

Notes
Turn   | Place    | Note
-------+----------+-------------------------------------------
     0 | D:1      | funkygono the Minotaur Fighter began the quest for the Orb.
     0 | D:1      | Reached XP level 1. HP: 19/19 MP: 0/0
   255 | D:1      | Reached XP level 2. HP: 27/27 MP: 1/1
   630 | D:2      | Reached XP level 3. HP: 27/33 MP: 2/2
   748 | D:2      | Found a faded altar of an unknown god.
   757 | D:2      | Got Plato's Book of Angles
   785 | D:2      | Noticed Terence
   786 | D:2      | Noticed Sigmund
   802 | D:2      | Killed Terence
   803 | D:2      | Reached XP level 4. HP: 18/41 MP: 3/3
   807 | D:2      | Killed Sigmund
   808 | D:2      | Reached skill level 5 in Axes
   808 | D:2      | Reached XP level 5. HP: 9/47 MP: 4/4
  1047 | D:2      | Reached XP level 6. HP: 54/55 MP: 5/5
  1176 | D:2      | Reached skill level 5 in Armour
  1844 | D:3      | Identified the +8 hand axe of Due Proportion {elec, Drain
                  | +Blink rN+ SInv}
  2102 | D:4      | Found a staircase to the Ecumenical Temple.
  2106 | D:4      | Found Yttir's Antique Armour Shoppe.
  2115 | D:4      | Reached skill level 5 in Fighting
  2139 | D:4      | Reached skill level 1 in Dodging
  2141 | D:4      | Reached XP level 7. HP: 45/61 MP: 6/6
  2164 | Temple   | Entered the Ecumenical Temple
  2257 | Temple   | Became a worshipper of Warmaster Okawaru
  3033 | D:4      | Found a burning altar of Makhleb.
  3033 | D:4      | Noticed an Executioner
  3036 | D:4      | Noticed a neqoxec
  3036 | D:4      | Noticed a smoke demon
  3098 | D:5      | Entered Level 5 of the Dungeon
  3284 | D:5      | Reached XP level 8. HP: 69/69 MP: 7/7
  3286 | D:5      | Found a hazy altar of Hepliaklqana.
  3307 | D:5      | Found a sparkling altar of Nemelex Xobeh.
  3443 | D:5      | Found a glowing golden altar of the Shining One.
  3444 | D:5      | Found a bloodstained altar of Trog.
  3479 | D:5      | Reached * piety under Okawaru
  3787 | D:5      | Found the +3 salamander hide armour {Flames, rFlCloud rF++
                  | rC--}
  3797 | D:5      | Found an ancient bone altar of Kikubaaqudgha.
  3959 | D:6      | Noticed Maggie
  3981 | D:6      | Killed Maggie
  3981 | D:6      | Reached ** piety under Okawaru
  3982 | D:6      | Reached skill level 1 in Stealth
  4259 | D:6      | Reached skill level 10 in Axes
  4259 | D:6      | Reached XP level 9. HP: 73/79 MP: 8/8
  4583 | D:6      | Reached skill level 5 in Shields
  4815 | D:7      | Reached *** piety under Okawaru
  4903 | D:7      | Found a glowing silver altar of Zin.
  4948 | D:7      | Found a sand-covered staircase.
  4953 | Ossuary  | Entered an ossuary
  5809 | D:8      | Found an ornate altar of the Wu Jian Council.
  5952 | D:8      | Noticed a komodo dragon
  5963 | D:8      | Killed a komodo dragon
  5963 | D:8      | Reached **** piety under Okawaru
  5964 | D:8      | Reached XP level 10. HP: 67/88 MP: 9/9
  6061 | D:8      | Found a staircase to the Lair.
  6469 | D:8      | Found a shimmering altar of Xom.
  6639 | Lair:1   | Entered Level 1 of the Lair of Beasts
  6743 | Lair:1   | Noticed a cane toad
  6750 | Lair:1   | Killed a cane toad
  6750 | Lair:1   | Received a gift from Okawaru
  6751 | Lair:1   | Reached skill level 10 in Armour
  7155 | Lair:1   | Reached ***** piety under Okawaru
  7198 | Lair:1   | Reached XP level 11. HP: 62/97 MP: 7/10
  8028 | Lair:2   | Received a gift from Okawaru
  8037 | Lair:2   | Reached skill level 1 in Invocations
  8314 | Lair:2   | Found a staircase to the Snake Pit.
  8319 | Lair:2   | Reached skill level 10 in Fighting
  8623 | Lair:2   | Received a gift from Okawaru
  8624 | Lair:2   | Reached skill level 1 in Throwing
  9423 | Lair:3   | Noticed a boulder beetle
  9448 | Lair:3   | Killed a boulder beetle
  9448 | Lair:3   | Received a gift from Okawaru
  9449 | Lair:3   | Reached XP level 12. HP: 84/107 MP: 12/12
  9606 | Lair:3   | Found a staircase to the Shoals.
 10019 | Lair:3   | Reached skill level 10 in Shields
 10048 | Lair:3   | Noticed a six-headed hydra
 10059 | Lair:3   | Killed an 11-headed hydra
 10606 | Lair:4   | Found a staircase to the Slime Pits.
 10770 | Lair:4   | Noticed a seven-headed hydra
 10783 | Lair:4   | Killed a 13-headed hydra
 10784 | Lair:4   | Reached skill level 15 in Axes
 10966 | Lair:4   | Found a transporter.
 11162 | Lair:4   | Found a transporter.
 11181 | Lair:4   | Reached XP level 13. HP: 100/116 MP: 12/14
 11685 | Lair:5   | Entered Level 5 of the Lair of Beasts
 11740 | Lair:5   | Reached skill level 5 in Throwing
 11928 | Lair:5   | Identified the +5 chain mail of the Harvest {*Slow Int+5}
                  | (Okawaru gifted it to you on level 5 of the Lair of Beasts)
 11928 | Lair:5   | Received a gift from Okawaru
 12051 | Lair:5   | Noticed Rupert
 12051 | Lair:5   | Paralysed by Rupert for 5 turns
 12072 | Lair:5   | Killed Rupert
 12875 | Lair:5   | Found a snail-covered altar of Cheibriados.
 12891 | Lair:5   | Reached skill level 15 in Armour
 12963 | Lair:5   | Received a gift from Okawaru
 12973 | Lair:5   | Reached XP level 14. HP: 127/127 MP: 14/16
 14140 | D:9      | Identified the +1 dagger "Veja" {drain, rN+ Int+3}
 14256 | D:9      | Found a staircase to the Orcish Mines.
 14266 | D:9      | Noticed Amaemon
 14268 | D:9      | Noticed Psyche
 14279 | D:9      | Killed Amaemon
 14285 | D:9      | Killed Psyche
 14288 | D:9      | Received a gift from Okawaru
 14643 | D:9      | Found a blossoming altar of Fedhas.
 15094 | D:9      | Identified the +0 ring mail of Yxzagen {rPois rC+}
 15369 | D:10     | Entered Level 10 of the Dungeon
 15389 | D:10     | Found a sacrificial altar of Ru.
 15531 | D:10     | Found an opulent altar of Gozag.
 16259 | D:11     | Received a gift from Okawaru
 16550 | D:11     | Found Suotuiq's Assorted Antiques.
 16550 | D:11     | Found Syoraots's Distillery.
 16550 | D:11     | Found Ziorgh's Jewellery Emporium.
 16551 | D:11     | Found Coxoff's General Store.
 16644 | D:11     | Found a runed translucent door.
 16645 | D:11     | Found a runed translucent door.
 17131 | D:11     | Found a runed translucent door.
 17166 | D:11     | Got The Lost Volume of the Hierophant
 17545 | Orc:1    | Entered Level 1 of the Orcish Mines
 17545 | Orc:1    | Found Ycrykee's Jewellery Boutique.
 17707 | Orc:2    | Entered Level 2 of the Orcish Mines
 17707 | Orc:2    | Found a staircase to the Elven Halls.
 17826 | Orc:2    | Noticed Snorg
 17832 | Orc:2    | Killed Snorg
 17850 | Orc:2    | Found Gisuvaut's Goods Gallery.
 17888 | Orc:2    | Found a bloodstained altar of Trog.
 18091 | Orc:2    | Found Bunufaom's Book Shop.
 18110 | Orc:2    | Reached XP level 15. HP: 117/137 MP: 17/17
 18117 | Orc:2    | Identified the +2 plate armour of Dust Devil {rElec Int-4
                  | Dex+2} (Okawaru gifted it to you on level 2 of the Orcish
                  | Mines)
 18117 | Orc:2    | Received a gift from Okawaru
 18140 | Orc:2    | Found Targhaha's Magic Scroll Boutique.
 18245 | Orc:2    | Paralysed by an ogre mage for 5 turns
 18421 | Orc:2    | Found Qyiz's Antique Weapon Shoppe.
 18439 | Orc:2    | Found Mesaosa's Antique Weapon Boutique.
 18982 | Orc:2    | Bought +0 gold dragon scales for 1040 gold pieces
 19141 | D:11     | Bought the ring of Satisfaction {rElec rC+ Will++ Dex-2
                  | Stlth+} for 567 gold pieces
 20782 | D:13     | Received a gift from Okawaru
 20965 | D:13     | Found Paima's Vocational Training.
 20989 | D:13     | Received a gift from Okawaru
 20990 | D:13     | Reached skill level 15 in Fighting
 21014 | D:13     | Reached skill level 15 in Shields
 21378 | D:14     | You fall into a shaft and drop 1 floor!
 21378 | D:15     | Entered Level 15 of the Dungeon
 21416 | D:15     | Noticed a tengu reaver
 21432 | D:15     | Identified the +1 robe of Grace {Int+3 Slay+3} (Okawaru
                  | gifted it to you on level 15 of the Dungeon)
 21432 | D:15     | Received a gift from Okawaru
 21445 | D:15     | Killed a tengu reaver
 21781 | D:15     | Found a broken altar of Ashenzari.
 21931 | D:15     | Found a staircase to the Depths.
 21931 | D:15     | Noticed a frost giant
 21940 | D:15     | Killed a frost giant
 22264 | D:14     | Reached XP level 16. HP: 149/149 MP: 18/18
 22311 | D:14     | Found a gate to the Vaults.
 22679 | D:14     | Found a transporter.
 22810 | D:14     | Found Zapad's Book Shoppe.
 22843 | D:14     | Found a bloodstained altar of Trog.
 22843 | D:14     | Found the necklace of Bloodlust {Fury *Rage Will++ Int-3
                  | Slay+6}
 22925 | D:14     | Found a transporter.
 22925 | D:14     | Found a runed translucent door.
 22957 | D:14     | HP: 5/223 [troll (13)]
 22960 | D:14     | HP: 2/223 [iron troll (3)]
 22960 | D:14     | Annihilated by an iron troll

Illustrated notes

Levels and vault maps discovered:
D:1:      tarquinn_simple_flora_water_d, layout_rooms
D:2:      minmay_chambers_of_twos, layout_basic,
          shapermc_ecumenical_altar_rom_forum, minmay_misc_feat_tower,
          minmay_misc_feat_ornament, uniq_sigmund, uniq_terence
D:3:      layout_rooms
D:4:      layout_cave_pods, makhleb_altar_promises_db,
          minmay_temple_entry_glass, serial_shops, shop, minmay_unequal
D:5:      kennysheep_six_static_rooms, layout_cave_pools,
          mainiacjoe_overflow_catwalk, mainiacjoe_overflow_tiny_flanked,
          mainiacjoe_overflow_divided_tiny, lemuel_coloured_pillars_altar
D:6:      kennysheep_steamy, layout_rooms, hangedman_abyss_or_decor_lesser_grid,
          uniq_maggie
D:7:      layout_loops_ring, overflow_temple_1_default,
          nicolae_ossuary_entry_false_entrances
D:8:      layout_rooms, mainiacjoe_overflow_alcove_2,
          nicolae_wu_jian_wuxing_cycle, due_lair_maze_entry_diamond
D:9:      layout_loops_ring, tgw_fedhas, minmay_orc_entry_guard_dogs,
          hangedman_decor_growths, grunt_decor_mini_mirrors,
          serial_bayou_lake_a, uniq_amaemon, uniq_psyche
D:10:     minmay_stone_box, layout_gridville, nicolae_ru_the_path_less_chosen,
          kennysheep_mini_moat
D:11:     minmay_the_grid_triangle_9x9_recursive_3_mashed
          [minmay_the_grid_triangle_9x9_corrupted_corridor,
          minmay_the_grid_triangle_9x9_limited_checkers,
          minmay_the_grid_triangle_9x9_descending_squares,
          minmay_the_grid_triangle_9x9_prize_top_heavy,
          minmay_the_grid_triangle_9x9_cache,
          minmay_the_grid_triangle_9x9_wacky_v,
          minmay_the_grid_triangle_9x9_zippers_vertical,
          minmay_the_grid_triangle_9x9_stretched_checkered,
          minmay_the_grid_triangle_9x9_fully_insulated_deathbox], layout_basic,
          hangedman_weighted_door, minmay_misc_feat_cross,
          minmay_shop_grid_forest
D:12:     layout_basic, special_room [special_room_bee], minmay_rotating_lava
D:13:     layout_basic, nicolae_shop_vocational
D:14:     emtedronai_trogs_sanctum, layout_basic, david_vaults_2, serial_shops,
          shop
D:15:     grunt_enter_depths_snipers, layout_cave_pools, serial_glass,
          glass_columns_a, glass_columns_c, ashenzari_altar_1, dispersion_dpeg
Temple:   nicolae_temple_two_arcs
Lair:1:   hellmonk_destroyed_diamonds, layout_cave_pods
Lair:2:   layout_hall_layers, minmay_snake_entry_guardpost_small,
          infiniplex_staircase_pool, grunt_megastairs_4
Lair:3:   layout_regular_city, minmay_shoals_entry_centaurs
Lair:4:   gammafunk_cloud_chamber, layout_regular_city, slime_entry_1,
          minivault_23, grunt_megastairs_5, infiniplex_staircase_pool_2
Lair:5:   minmay_lair_end_frog_pond, layout_regular_city,
          chequers_serial_rivers_marsh, st_stairs_10, kennysheep_snail_temple,
          uniq_rupert
Orc:1:    layout_caves, serial_shops, shop
Orc:2:    st_orc_open, layout_diamond_mine, basic_altar, nicolae_alphabet_shops,
          mines2_lemuel, uniq_snorg

Skill      XL: |  1  2  3  4  5  6  7  8  9 10 11 12 13 14 15 16 |
---------------+-------------------------------------------------+-----
Fighting       | 4 5 7 8 9 10 11 12 13 15 | 15.4
Axes           | 3 5 6 8 10 11 13 14 15 16 17 | 17.7
Armour         | 4 5 6 8 9 10 12 14 15 16 17 | 17.6
Shields        | 4 6 8 9 10 12 13 15 | 15.6
Dodging        | 1 2 |  2.6
Stealth        | 1 2 3 |  3.0
Invocations    | 2 4 |  4.7
Throwing       | 1 4 8 |  8.8

Action                     |  1- 3 |  4- 6 |  7- 9 | 10-12 | 13-15 | 16-18 || total
---------------------------+-------+-------+-------+-------+-------+-------++-------
  Melee: War axe           |    46 |    35 |       |       |       |       ||    81
         Headbutt          |    12 |     9 |    43 |    84 |   286 |     7 ||   441
         Hand axe          |       |    23 |   212 |   364 |  1143 |    42 ||  1784
  Throw: Boomerang         |       |       |       |    60 |   101 |       ||   161
         Javelin           |       |       |       |       |     6 |       ||     6
 Invoke: Heroism           |       |       |       |    22 |    29 |     1 ||    52
    Use: Scroll            |     2 |     6 |    12 |     4 |    13 |       ||    37
         Potion            |     1 |       |       |       |     3 |     4 ||     8
 Armour: Scale mail        |    22 |       |       |       |       |       ||    22
         Chain mail        |       |    26 |     2 |       |       |       ||    28
         Plate armour      |       |       |   105 |   150 |   312 |       ||   567
         Gold dragon scale |       |       |       |       |   151 |    53 ||   204
  Dodge: Dodged            |    22 |    23 |    56 |    79 |   238 |    23 ||   441
  Block: Buckler           |    10 |    10 |    57 |   158 |   408 |    45 ||   688
         Reflection        |       |       |       |     5 |    14 |     5 ||    24
